 Dungeon Crawl Stone Soup version 0.30.1 (webtiles) character file.

Game seed: 16994793805290222889

16 hawla the Firebug (level 3, 0/26 HPs)
             Began as a Meteoran Fire Elementalist on July 10, 2023.
             Slain by a cerulean imp
             ... wielding a +1 spear
             ... summoned by Natasha
              (5 damage)
             ... on level 4 of the Dungeon.
             The game lasted 00:01:12 (351 turns).

hawla the Firebug (Meteoran Fire Elementalist)       Turns: 351, Time: 00:01:14

Health: 0/26       AC:  2    Str:  9    XL:     3   Next: 0%
Magic:  5/8        EV: 12    Int: 18    God:
Gold:   53         SH:  0    Dex: 15    Spells: 5/8 levels left

rFire   . . .        (no weapon)
rCold   . . .        (no shield)
rNeg    . . .        a - +0 robe
rPois   .            (no helmet)
rElec   .            (no cloak)
rCorr   .            (no gloves)
SInv    .            (no boots)
Will    .....        (no amulet)
Stlth   +            (no ring)
HPRegen 0.24/turn    (no ring)
MPRegen 0.11/turn

%: no passive effects
@: about to teleport, glowing
A: sense surroundings 1, otherworldly, glowing, explore regen
a: no special abilities


You were on level 4 of the Dungeon.
You visited 1 branch of the dungeon, and saw 4 of its levels.

You collected 53 gold pieces.

Inventory:

Armour
 a - a +0 robe (worn)
Wands
 g - a wand of iceblast (5)
Scrolls
 c - a scroll of fear {unknown}
 d - 3 scrolls of teleportation
 e - a scroll of identify {unknown}
 f - a scroll of blinking {unknown}
Potions
 b - a potion of magic


   Skills:
 + Level 2.5 Dodging
 + Level 1.4 Stealth
 + Level 3.0 Spellcasting
 + Level 1.3 Conjurations
 + Level 4.3 Fire Magic


You had 5 spell levels left.
You knew the following spells:

 Your Spells              Type           Power      Damage    Failure   Level
a - Foxfire               Conj/Fire      48%        2x1d6     4%          1
b - Scorch                Fire           36%        2d6       4%          2

Your spell library contained the following spells:

 Spells                   Type           Power      Damage    Failure   Level
 Inner Flame              Hex/Fire       10%        N/A       21%         3
 Volatile Blastmotes      Fire/Tloc      20%        2d11      21%         3
 Poisonous Vapours        Pois/Air       4%         N/A       24%         2
 Mephitic Cloud           Conj/Pois/Air  4%         N/A       38%         3
 Flame Wave               Conj/Fire      12%        2d6       45%         4
 Freezing Cloud           Conj/Ice/Air   2%         6-21      98%         5


Dungeon Overview and Level Annotations

Branches:
Dungeon (4/15) Zot: 2048
 Temple: D:4-7

Altars:

Annotations:
D:4 Natasha


Innate Abilities, Weirdness & Mutations

You passively map a small area around you.
You are easily found by Zot.
You glow in the dark.
You regain HP and MP as you explore.


Message History

Natasha casts a spell.
Casting: Foxfire (safe; 4% risk of failure)
Confirm with . or Enter, or press ? or * to list all spells.
Flames lash the cerulean imp.
The cerulean imp is heavily wounded.
The cerulean imp's fire resistance burns away.
The cerulean imp closely misses you.
Natasha casts a spell.
The cerulean imp closely misses you.
Casting: Scorch (safe; 4% risk of failure)
Confirm with . or Enter, or press ? or * to list all spells.
You don't know that spell.
You hit the cerulean imp but do no damage.
The cerulean imp is heavily wounded.
The cerulean imp hits you with a +1 spear.
The cerulean imp hits you with a +2 spear.
The cerulean imp barely misses you. The cerulean imp closely misses you.
The cerulean imp hits you from afar with a +2 spear.
The cerulean imp barely misses you.
The cerulean imp is no longer more vulnerable to fire.
Casting: Scorch (safe; 4% risk of failure)
Confirm with . or Enter, or press ? or * to list all spells.
You conjure some foxfire!
The cerulean imp hits you from afar with a +1 spear.
Casting: Foxfire (safe; 4% risk of failure)
Confirm with . or Enter, or press ? or * to list all spells.
You conjure some foxfire!
The foxfire hits the cerulean imp but does no damage.
The cerulean imp hits you from afar with a +1 spear.
* * * LOW HITPOINT WARNING * * *
Unknown command.
As you read the scroll labelled ZADULE BUVVATSI, it crumbles to dust.
You feel strangely unstable.
It was a scroll of teleportation.
The foxfire hits the cerulean imp.
The cerulean imp is moderately wounded.
The foxfire hits the cerulean imp but does no damage.
The cerulean imp is moderately wounded.
The cerulean imp hits you from afar with a +1 spear.
You die...

###
#################.#
..................#
***
#################§#
.......h55.@§#, ,
######5####§§# ,
### , .5. , #..#, ,
..# *##.# ###..#, *
..+ , ,.. ..#..#
..# ##. #.#..# # *
..+,..# # *
#.#..#.# ..# #.####
* #.#..#.# ..# #.#
... #.#....# #


You could see Natasha and 3 cerulean imps.

Vanquished Creatures
  An adder (D:2)
  A giant cockroach (D:2)
  2 hobgoblins
  A ball python (D:4)
  A bat (D:2)
  A frilled lizard (D:2)
  2 rats
9 creatures vanquished.

Vanquished Creatures (others)
  22 foxfires
22 creatures vanquished.

Grand Total: 31 creatures vanquished

Notes
Turn   | Place    | Note
-------+----------+-------------------------------------------
     0 | D:1      | hawla the Meteoran Fire Elementalist began the quest for
                  | the Orb.
     0 | D:1      | Reached XP level 1. HP: 14/14 MP: 5/5
    12 | D:2      | Reached skill level 4 in Fire Magic
    12 | D:2      | Reached XP level 2. HP: 20/20 MP: 1/6
    15 | D:2      | Learned a level 2 spell: Scorch
   282 | D:4      | Reached XP level 3. HP: 26/26 MP: 4/8
   339 | D:4      | Noticed Natasha
   351 | D:4      | Slain by a cerulean imp

Illustrated notes

Levels and vault maps discovered:
D:1:      amcnicky_arrival_gap_in_the_tavern_cellar, layout_basic
D:2:      layout_loops_ring, minmay_vboxes, uniq_terence, uniq_robin
D:3:      layout_basic, chequers_ecumenical_altar_island
D:4:      layout_basic, nicolae_stop_n_shop_1, minmay_shop_damaged,
          kennysheep_another_room, minmay_misc_feat_four_crosses, uniq_natasha

Skill      XL: |  1  2 |
---------------+-------+-----
Fire Magic     | 4 |  4.3
Spellcasting   | 3 |  3.0
Dodging        | |  2.5
Stealth        | |  1.4
Conjurations   | |  1.3

Action                     || total
---------------------------++-------
  Melee: Unarmed           ||     2
   Cast: Foxfire           ||    15
         Scorch            ||     2
    Use: Scroll            ||     1
  Dodge: Dodged            ||     7
